 Dungeon Crawl Stone Soup version 0.20-a0-187-ge5586d949a (webtiles) character file.

31529 hyperhazel the Zephyrmancer (level 13, 85/85 HPs)
             Began as a High Elf Earth Elementalist on Aug 22, 2016.
             Was a High Priest of Sif Muna.
             Quit the game on level 5 of the Lair of Beasts on Nov 23, 2016.
             The game lasted 01:16:44 (20518 turns).

hyperhazel the Zephyrmancer (HEEE)                 Turns: 20518, Time: 01:16:45

Health: 85/85      AC: 10    Str:  7    XL:     13   Next: 26%
Magic:  22/22      EV: 20    Int: 24    God:    Sif Muna [*****.]
Gold:   695        SH:  0    Dex: 24    Spells: 4/23 levels left

rFire  . . .     SeeInvis .     a - +1 short sword (elec)
rCold  + . .     Gourm    .     l - +2 robe {rC+}
rNeg   . . .     Faith    .     (no shield)
rPois  +         Spirit   .     p - +0 helmet
rElec  +         Reflect  .     r - +0 cloak (curse)
rCorr  .         Harm     +     W - +0 pair of gloves
MR     +....                    y - +2 pair of boots
Stlth  +++.......               t - amulet of the Raven {Harm *Drain rElec Dex+7 Slay+2}
                                C - ring of poison resistance
                                v - +6 ring of slaying

@: no status effects
A: no striking features
a: Divine Energy, Channel Magic, Forget Spell, Renounce Religion


You were on level 5 of the Lair of Beasts.
You worshipped Sif Muna.
Sif Muna was extremely pleased with you.
You were not hungry.

You visited 3 branches of the dungeon, and saw 16 of its levels.
You also visited: Labyrinth.

You collected 895 gold pieces.
You spent 200 gold pieces at shops.

Inventory:

Hand Weapons
 a - a +1 short sword of electrocution (weapon)
 c - a +0 dagger of venom
Missiles
 V - a throwing net (quivered)
Armour
 l - a +2 robe of cold resistance (worn)
 p - a +0 helmet (worn)
 r - a cursed +0 cloak (worn)
 y - a +2 pair of boots (worn)
 W - a +0 pair of gloves (worn)
Magical Staves
 b - an uncursed staff of earth
Jewellery
 m - an uncursed ring of protection from cold
 t - the amulet of the Raven (around neck) {Harm *Drain rElec Dex+7 Slay+2}
   (You found it in a labyrinth)

   [amulet of harm]

   It increases damage dealt and taken.
   It affects your dexterity (+7).
   It affects your accuracy and damage with ranged weapons and melee attacks
   (+2).
   It insulates you from electricity.
   It causes draining when unequipped.
 v - a +6 ring of slaying (left hand)
 C - a ring of poison resistance (right hand)
 P - an uncursed ring of see invisible
 R - an uncursed amulet of magic regeneration
Wands
 s - a wand of iceblast (6/15)
 A - a wand of polymorph (14/24)
 G - a wand of iceblast (10/15)
 J - a wand of acid (13/15)
 K - a wand of lightning (5/15)
 L - a wand of flame (24/48)
 T - a wand of slowing (15/48)
Scrolls
 f - 7 scrolls of teleportation
 g - 2 scrolls of blinking
 h - 4 scrolls of enchant weapon
 i - 5 scrolls of remove curse
 j - a scroll of magic mapping
 k - a scroll of fear
 o - 2 scrolls of amnesia
 B - a scroll of recharging
Potions
 n - a potion of heal wounds
 q - 8 potions of brilliance
 u - 4 potions of curing
 x - 2 potions of ambrosia
 z - 3 potions of cure mutation
 D - a potion of lignification
 E - a potion of resistance
 F - 8 potions of haste
 I - a potion of magic
 M - 3 potions of agility
 Q - a potion of cancellation
 X - a potion of invisibility
Books
 e - Yriteo's Grimoire of Boosting Lightness
   (Sif Muna gifted it to you on level 4 of the Lair of Beasts)

   Spells                             Type                      Level
   a - Shock                          Conjuration/Air              1
   b - Repel Missiles                 Charms/Air                   2
   c - Swiftness                      Charms/Air                   2
   d - Airstrike                      Air                          4
   e - Lightning Bolt                 Conjuration/Air              5
   f - Iskenderun's Battlesphere      Conjuration/Charms           5
   g - Silence                        Hexes/Air                    5
   h - Conjure Ball Lightning         Conjuration/Air              6
Miscellaneous
 H - a disc of storms
 S - a fan of gales (inert)
 Y - a phial of floods (inert)
Comestibles
 d - 10 bread rations
 w - 6 meat rations
 Z - 5 fruits


   Skills:
 - Level 6.7 Fighting
 - Level 9.4(9.9) Short Blades
   Level 4.3(7.5) Long Blades
 - Level 8.0 Dodging
 - Level 2.1 Stealth
 + Level 5.7 Spellcasting
 - Level 9.6 Conjurations
 - Level 8.1 Charms
 - Level 1.1 Transmutations
 - Level 8.0 Ice Magic
 - Level 11.0 Air Magic
 - Level 6.2 Earth Magic
 * Level 4.0 Invocations


You had 4 spell levels left.
You knew the following spells:

 Your Spells              Type           Power        Failure   Level  Hunger
a - Mephitic Cloud        Conj/Pois/Air  #####...     1%          3    #......
b - Passwall              Tmut/Erth      ###.......   2%          2    None
c - Stone Arrow           Conj/Erth      #####.       1%          3    #......
d - Freezing Cloud        Conj/Ice/Air   ######....   30%         6    ######.
e - Iskenderun's Battles  Conj/Chrm      #####...     8%          5    #####..


Dungeon Overview and Level Annotations

Branches:
Dungeon (10/15)            Temple (1/1) D:4            Lair (5/6) D:10
 Shoals (0/4) Lair:4       Spider (0/4) Lair:2
  Slime: Lair:5-6       Orc: D:9-12

Altars:
Ashenzari
Cheibriados
Elyvilon
Fedhas
Gozag
Hepliaklqana
Kikubaaqudgha
Makhleb
Okawaru
Qazlal
Ru
Sif Muna
Trog
Uskayaw
Vehumet
Xom
Yredelemnul
Zin
The Shining One

Shops:
D:5 =   D:6 :

Annotations:
D:8 2 exclusions
D:10 exclusions: wraith and 2 more exclusions, Josephine
Lair:1 exclusions: river rat and spiny frog, Gastronok
Lair:2 exclusions: hydra and 2 more exclusions


Message History

You start resting.
Magic restored.
You start resting.
HP restored.
There is a stone staircase leading down here.
You climb downwards.
Found a scroll of blinking.
There is a stone staircase leading up here.
Save game and exit?
Welcome back, hyperhazel the High Elf Earth Elementalist.
Sif Muna whispers: I know many secrets...
Press ? for a list of commands and other information.
Unknown command.
Okay, then.
Okay, then.
Okay, then.
Are you sure you want to abandon this character and quit the game? (Confirm with "yes".)

..........
###.........
#...........
........?.. .
# .........#
P..#.#.......#
.....P......P#
.......@...P#
...........##
.........###
.........#
.......###
.......
.......
.....##


There were no monsters in sight!

Vanquished Creatures
  A minotaur (Lab)
  3 hydras (Lair:4)
  Fannar (Lair:1)
  2 hill giants (D:10)
  10 elephants (Lair:4)
  4 black mambas
  8 spiny frogs
  6 komodo dragons
  A jumping spider (Lair:2)
  A two-headed ogre (D:10)
  A removed MONS_BOULDER_BEETLE (Lair:3)
  5 blink frogs (Lair:2)
  4 hippogriffs
  2 wraiths (D:10)
  36 yaks
  Sigmund (D:4)
  A basilisk (Lair:1)
  A hungry ghost (D:8)
  Grum (D:9)
  Edmund (D:4)
  9 water moccasins
  7 porcupines
  2 orc warriors
  Duvessa (D:4)
  2 sky beasts
  A removed MONS_WASP (Lair:3)
  3 phantoms
  A black bear (D:10)
  4 ice beasts
  11 ogres
  12 wolves
  8 centaurs
  11 crocodiles
  A wyvern zombie (D:9)
  A gnoll sergeant (D:8)
  20 bullfrogs
  Dowan (D:4)
  A water moccasin skeleton (D:6)
  5 scorpions
  A killer bee (D:8)
  A spriggan skeleton (Lab)
  11 wights (D:8)
  5 electric eels
  A troll skeleton (Lab)
  2 howler monkeys
  A bullfrog zombie (D:5)
  2 centaur zombies
  The ghost of amanita the Cutter, a weakling VSFi (D:4)
  A quasit (D:8)
  9 hounds
  3 crimson imps
  2 orc priests
  5 jellies
  3 orc wizards
  Crazy Yiuf (D:2)
  A bullfrog skeleton (D:8)
  2 centaur skeletons
  6 iguanas
  7 worker ants
  A killer bee zombie (D:8)
  An ogre skeleton (Lab)
  Robin (D:2)
  A howler monkey zombie (D:7)
  A worker ant zombie (D:4)
  16 adders
  7 gnolls
  33 river rats
  A shadow imp (D:8)
  2 adder skeletons (D:6)
  2 adder zombies
  3 worms
  4 dart slugs
  10 leopard geckos
  24 orcs
  2 ball pythons
  10 bats
  9 giant cockroaches
  19 goblins
  16 hobgoblins
  3 jackals
  6 quokkas
  4 frilled lizards
  A jackal skeleton (D:5)
  6 kobolds
  A leopard gecko skeleton (D:6)
  8 rats
448 creatures vanquished.

Vanquished Creatures (others)
  11 fungi
  4 plants
15 creatures vanquished.

Grand Total: 463 creatures vanquished

Notes
Turn   | Place    | Note
-------+----------+-------------------------------------------
     0 | D:1      | hyperhazel the High Elf Earth Elementalist began the quest for the Orb.
     0 | D:1      | Reached XP level 1. HP: 11/11 MP: 4/4
   310 | D:1      | Reached skill level 1 in Fighting
   311 | D:1      | Reached XP level 2. HP: 14/18 MP: 3/6
   886 | D:1      | Reached XP level 3. HP: 23/23 MP: 7/7
  1103 | D:1      | Learned a level 2 spell: Passwall
  1107 | D:1      | Learned a level 3 spell: Stone Arrow
  1198 | D:2      | Reached skill level 1 in Conjurations
  1340 | D:2      | Reached skill level 2 in Conjurations
  1360 | D:2      | Reached XP level 4. HP: 26/28 MP: 4/8
  1367 | D:2      | Noticed Robin
  1429 | D:2      | Killed Robin
  1450 | D:2      | Reached skill level 3 in Conjurations
  1948 | D:2      | Found a runed door.
  1952 | D:2      | Noticed Crazy Yiuf
  1954 | D:2      | Killed Crazy Yiuf
  1954 | D:2      | Reached XP level 5. HP: 33/33 MP: 2/9
  2030 | D:3      | Reached skill level 4 in Conjurations
  2358 | D:3      | Found a faded altar of an unknown god.
  2731 | D:4      | Upgraded the game from 0.19-a0-1210-g5c1aa26 to 0.19-a0-1587-gaef70b6
  2830 | D:4      | Noticed an ogre
  2836 | D:4      | Killed an ogre
  2836 | D:4      | Reached skill level 5 in Conjurations
  2930 | D:4      | Reached XP level 6. HP: 29/38 MP: 1/10
  3151 | D:4      | Reached skill level 3 in Earth Magic
  3399 | D:4      | Noticed Edmund
  3399 | D:4      | Noticed amanita's ghost (weakling VSFi)
  3767 | D:3      | Reached skill level 4 in Earth Magic
  3946 | D:3      | Found a bloodstained altar of Trog.
  3947 | D:3      | Found a glowing golden altar of the Shining One.
  4284 | D:4      | Reached skill level 6 in Conjurations
  4284 | D:4      | Reached XP level 7. HP: 43/43 MP: 11/11
  4306 | D:4      | Noticed Sigmund
  4482 | D:5      | Entered Level 5 of the Dungeon
  4617 | D:5      | Reached skill level 2 in Short Blades
  4793 | D:5      | Found Vaxedd's Jewellery Shoppe.
  4799 | D:5      | Bought an uncursed ring of poison resistance for 200 gold pieces
  4856 | D:5      | Reached skill level 3 in Short Blades
  5166 | D:5      | Reached skill level 2 in Fighting
  5166 | D:5      | Reached skill level 3 in Dodging
  5435 | D:6      | Reached skill level 4 in Dodging
  5474 | D:5      | Reached skill level 3 in Fighting
  5474 | D:5      | Reached XP level 8. HP: 52/52 MP: 2/12
  5826 | D:5      | Reached skill level 4 in Fighting
  5826 | D:5      | Reached skill level 5 in Dodging
  5976 | D:6      | Found Jetarch's Book Emporium.
  6251 | D:6      | Reached skill level 3 in Spellcasting
  6389 | D:6      | Reached skill level 4 in Spellcasting
  6462 | D:6      | Reached skill level 5 in Fighting
  6462 | D:6      | Reached skill level 6 in Dodging
  6622 | D:6      | Reached skill level 4 in Short Blades
  6736 | D:6      | Reached skill level 5 in Short Blades
  6946 | D:4      | Killed amanita's ghost
  7043 | D:4      | Killed Edmund
  7043 | D:4      | Reached XP level 9. HP: 56/61 MP: 4/16
  7122 | D:4      | Reached skill level 6 in Short Blades
  7142 | D:4      | Noticed Duvessa
  7147 | D:4      | Noticed Dowan
  7179 | D:4      | Killed Duvessa
  7221 | D:4      | Killed Dowan
  7339 | D:4      | Killed Sigmund
  7339 | D:4      | Reached skill level 7 in Short Blades
  7388 | D:4      | Found a staircase to the Ecumenical Temple.
  7397 | Temple   | Entered the Ecumenical Temple
  7607 | Temple   | Became a worshipper of Sif Muna the Loreminder
  8068 | D:7      | Reached skill level 7 in Conjurations
  8188 | D:7      | Reached skill level 5 in Earth Magic
  8449 | D:8      | Reached * piety under Sif Muna
  8827 | D:8      | Reached skill level 8 in Conjurations
  9076 | D:8      | Reached skill level 6 in Earth Magic
  9169 | D:8      | Reached XP level 10. HP: 63/66 MP: 17/17
  9483 | D:8      | Reached skill level 1 in Long Blades
  9612 | D:8      | Noticed a skeletal warrior
  9636 | D:8      | Reached skill level 2 in Long Blades
  9848 | D:8      | Reached skill level 3 in Long Blades
 10090 | D:8      | Reached skill level 4 in Long Blades
 10096 | D:8      | Reached skill level 7 in Dodging
 10422 | D:9      | Noticed Grum
 10427 | D:9      | Killed Grum
 10427 | D:9      | Reached skill level 6 in Fighting
 10427 | D:9      | Reached skill level 8 in Short Blades
 10834 | D:9      | Found an opulent altar of Gozag.
 11247 | D:10     | Entered Level 10 of the Dungeon
 11308 | D:10     | Reached ** piety under Sif Muna
 11416 | D:10     | Reached skill level 9 in Short Blades
 11483 | D:10     | Noticed a hill giant
 11514 | D:10     | Killed a hill giant
 11887 | D:10     | Reached skill level 8 in Dodging
 11900 | D:10     | Learned a level 3 spell: Mephitic Cloud
 11907 | D:10     | Learned a level 6 spell: Freezing Cloud
 11944 | D:10     | Reached skill level 1 in Air Magic
 11986 | D:10     | Noticed Josephine
 12006 | D:10     | Reached skill level 2 in Air Magic
 12006 | D:10     | Reached XP level 11. HP: 69/74 MP: 18/18
 12019 | D:10     | Reached skill level 3 in Air Magic
 12131 | D:10     | Found a staircase to the Lair.
 12184 | D:10     | Reached skill level 4 in Air Magic
 12452 | D:10     | Noticed a hill giant
 12475 | D:10     | Killed a hill giant
 12475 | D:10     | Reached skill level 5 in Air Magic
 12589 | Lair:1   | Entered Level 1 of the Lair of Beasts
 12595 | Lair:1   | Noticed Gastronok
 12641 | Lair:1   | Reached skill level 1 in Ice Magic
 12671 | Lair:1   | Reached skill level 2 in Ice Magic
 12828 | Lair:1   | Reached skill level 6 in Air Magic
 12987 | Lair:1   | Reached skill level 3 in Ice Magic
 13300 | Lair:1   | Noticed Fannar
 13318 | Lair:1   | Found a radiant altar of Vehumet.
 13341 | Lair:1   | Killed Fannar
 13341 | Lair:1   | Reached *** piety under Sif Muna
 13341 | Lair:1   | Reached skill level 7 in Air Magic
 13344 | Lair:1   | Reached skill level 4 in Ice Magic
 13528 | Lair:1   | Upgraded the game from 0.19-a0-1587-gaef70b6 to 0.19-a0-1608-g4cf22de
 13907 | Lair:2   | Reached skill level 8 in Air Magic
 14148 | Lair:2   | Reached skill level 9 in Air Magic
 14154 | Lair:2   | Found a hole to the Spider Nest.
 14458 | Lair:2   | Reached skill level 10 in Air Magic
 14827 | Lair:2   | Reached **** piety under Sif Muna
 14829 | Lair:2   | Reached XP level 12. HP: 80/80 MP: 14/19
 14939 | Lair:2   | Reached skill level 11 in Air Magic
 15288 | Lair:2   | Reached skill level 9 in Conjurations
 15540 | Lair:2   | Noticed a six-headed hydra
 15628 | Lair:2   | Reached skill level 5 in Ice Magic
 15854 | Lair:3   | Noticed a four-headed hydra
 15950 | Lair:3   | Reached skill level 6 in Ice Magic
 17040 | Lair:3   | Reached skill level 7 in Ice Magic
 17673 | Lair:4   | distant snort, cool and all, but how am i gonna kill him
 17771 | Lair:3   | Reached ***** piety under Sif Muna
 17771 | Lair:3   | Reached skill level 8 in Ice Magic
 17782 | Lair:4   | Found a staircase to the Shoals.
 17782 | Lair:4   | Found a burning altar of Makhleb.
 17783 | Lair:4   | Noticed an eight-headed hydra
 17788 | Lair:4   | Noticed a four-headed hydra
 17791 | Lair:4   | Found a labyrinth entrance.
 17796 | Lab      | Entered a labyrinth
 18154 | Lab      | Noticed a minotaur
 18166 | Lab      | Killed a minotaur
 18319 | Lab      | Identified the Papyrus of the Oath and Confrontation
 18320 | Lab      | Identified the amulet of the Raven {Harm *Drain rElec Dex+7 Slay+2} (You found it in a labyrinth)
 18321 | Lab      | hmmmmmmmmmmm
 18435 | Lab      | Got a slimy whip
 18436 | Lab      | Identified the +3 whip "Cixtom" {speed, +Rage rPois rN+ Dex+2} (You found it in a labyrinth)
 18448 | Lab      | Learned a level 5 spell: Iskenderun's Battlesphere
 18456 | Lair:4   | Reached skill level 1 in Charms
 18882 | Lair:4   | Reached skill level 2 in Charms
 18892 | Lair:4   | Reached skill level 3 in Charms
 18899 | Lair:4   | Reached skill level 4 in Charms
 18929 | Lair:4   | Identified Yriteo's Grimoire of Boosting Lightness (Sif Muna gifted it to you on level 4 of the Lair of Beasts)
 18929 | Lair:4   | Received a gift from Sif Muna
 18929 | Lair:4   | Reached skill level 5 in Charms
 19014 | Lair:4   | Reached skill level 6 in Charms
 19026 | Lair:4   | Killed a four-headed hydra
 19161 | Lair:4   | Killed an eight-headed hydra
 19283 | Lair:4   | Reached skill level 7 in Charms
 19296 | Lair:4   | Reached XP level 13. HP: 77/85 MP: 14/21
 19301 | Lair:4   | Reached skill level 1 in Invocations
 19420 | Lair:4   | Reached skill level 5 in Spellcasting
 19425 | Lair:4   | Reached skill level 2 in Invocations
 19812 | Lair:4   | Reached skill level 8 in Charms
 19944 | Lair:4   | Reached skill level 3 in Invocations
 20346 | Lair:4   | Reached skill level 4 in Invocations
 20518 | Lair:5   | Upgraded the game from 0.19-a0-1608-g4cf22de to 0.20-a0-187-ge5586d949a
 20518 | Lair:5   | Quit the game

Vault maps used:
D:1:      dpeg_arrival_lava_temple_mockup, minmay_tetromino_l4
D:2:      uniq_crazy_yiuf_cottage, uniq_robin
D:3:      gammafunk_temple_overflow_pools, ecumenical_altar_2
D:4:      first_bread, uniq_sigmund, uniq_edmund, uniq_duvessa
D:5:      serial_shops, shop
D:6:      serial_shops, shop_fountains
D:7:      nicolae_overflow_hidden_temple, minmay_checkerbox
D:8:      minmay_imperfect_grid
D:9:      grunt_gozag_statues, uniq_grum
D:10:     lair_0_dummy, uniq_josephine
Temple:   regret_index_temple_generic_petals
Lair:1:   basic_altar, uniq_gastronok, uniq_fannar
Lair:2:   dummy_spider_entry, serial_bayou_shore_b
Lair:3:   beast_lair_carwin_9
Lair:4:   shoals_dummy_entry, lab_entry_generic, basic_altar
Lab:      labyrinth_spiral, nicolae_lab_quarters, labyrinth_skeletal_remains,
          nicolae_lab_dead_end, lab_hedge, nicolae_lab_very_dead_end

Skill      XL: |  1  2  3  4  5  6  7  8  9 10 11 12 13 |
---------------+----------------------------------------+-----
Fighting       | 1 3 5 6 |  6.7
Conjurations   | 2 3 5 6 8 9 |  9.6
Earth Magic    | 4 6 |  6.2
Short Blades   | 3 5 7 9 |  9.4
Dodging        | 4 6 8 |  8.0
Spellcasting   | 4 5 |  5.7
Long Blades    | 4 |  4.3
Air Magic      | 2 10 11 | 11.0
Ice Magic      | 4 8 |  8.0
Charms         | 7 8 |  8.1
Invocations    | 4 |  4.0
Stealth        | |  2.1
Transmutations | |  1.1

Action                   |  1- 3 |  4- 6 |  7- 9 | 10-12 | 13-15 || total
-------------------------+-------+-------+-------+-------+-------++-------
Melee: Dagger            |    58 |   143 |   269 |   117 |       ||   587
       Short sword       |       |       |       |   633 |    98 ||   731
       Staff             |       |       |       |     3 |       ||     3
 Cast: Sandblast         |    24 |    28 |       |     4 |       ||    56
       Stone Arrow       |       |    14 |    79 |   109 |    13 ||   215
       Mephitic Cloud    |       |       |       |    35 |     5 ||    40
       Iskenderun's Batt |       |       |       |     2 |     1 ||     3
Evoke: Wand              |       |     1 |       |    11 |       ||    12
       Fan of gales      |       |       |       |     1 |       ||     1
       Phial of floods   |       |       |       |     1 |       ||     1
  Use: Scroll            |     3 |     1 |     1 |    23 |     4 ||    32
       Potion            |       |       |     1 |     2 |     1 ||     4
 Stab: Sleeping          |     8 |     4 |     6 |     9 |       ||    27
       Distracted        |       |       |       |     2 |       ||     2
       Confused          |       |       |       |    32 |     8 ||    40
       Paralysed         |       |       |       |     1 |       ||     1
  Eat: Chunk             |     1 |    11 |    18 |    30 |     3 ||    63
       Pizza             |       |       |     1 |     1 |     1 ||     3
       Royal jelly       |       |       |     1 |     2 |       ||     3
       Bread ration      |       |       |       |     1 |       ||     1
       Beef jerky        |       |       |       |     1 |       ||     1
Armor: Robe              |    10 |    36 |    40 |    78 |    14 ||   178
Dodge: Dodged            |    40 |   113 |   152 |   405 |    57 ||   767
Block: Other             |       |       |     9 |     4 |       ||    13
